 Adventure DCSS version bcrawl-1.27.3 (webtiles) character file.

Game seed: 16692470290425474991

121224 galech the Skirmisher (level 5, 41/41 HPs)
             Began as a Demonspawn Fighter on July 31, 2020.
             Quit the game on level 3 of the Dungeon.
             The game lasted 00:02:35 (2885 turns).

galech the Skirmisher (Demonspawn Fighter)          Turns: 2885, Time: 00:02:36

Health: 41/41      AC:  9    Str: 17    XL:     5   Next: 0%
Magic:  5/5        EV: -1    Int:  9    God:
Gold:   204        SH: 13    Dex: 13    Spells: 4/4 levels left
                                        Lives:  2   Deaths: 0

rFire    . . .     SeeInvis .   a - +0 war axe
rCold    . . .     Gourm    .   t - +0 large shield
rNeg     . . .     Faith    .   b - +0 scale mail
rPois    .         Spirit   +   n - +0 helmet
rElec    .         Reflect  .   (no cloak)
rCorr    +         Harm     .   o - +0 pair of gloves
MR       .....                  (no boots)
Stlth    ..........             (no amulet)
HPRegen  0.13/turn              u - ring of resist corrosion
MPRegen  0.09/turn              (no ring)

@: no status effects
A: claws 1, talons 1, magic shield
a: no special abilities


You were on level 3 of the Dungeon.
You were not hungry.

You visited 1 branch of the dungeon, and saw 3 of its levels.

You collected 204 gold pieces.

Inventory:

Hand Weapons
 a - a +0 war axe (weapon)
Armour
 b - a +0 scale mail (worn)
 c - a +0 medium shield
 n - a +0 helmet (worn)
 o - a +0 pair of gloves (worn)
 t - a +0 large shield (worn)
Jewellery
 u - a ring of resist corrosion (left hand)
Scrolls
 f - a scroll of fog {unknown}
 g - 8 scrolls of remove curse {unknown}
 i - a scroll of noise {unknown}
 l - 2 scrolls of identify
 m - 3 scrolls of teleportation {unknown}
 p - 2 scrolls of blinking {unknown}
 s - a scroll of amnesia {unknown}
Potions
 d - a potion of might
 h - 3 potions of heal wounds {unknown}
 j - 2 potions of curing {unknown}
 k - a potion of resistance {unknown}
 q - a potion of mutation {unknown}
 r - a potion of degeneration {unknown}
Comestibles
 e - 7 rations {!d}


   Skills:
 + Level 3.5 Fighting
 + Level 3.0 Axes
 + Level 3.5 Armour
 + Level 1.0 Dodging
 + Level 0.5 Stealth
 + Level 3.1 Shields


You had 4 spell levels left.
You didn't know any spells.
Your spell library contained the following spells:

 Spells                   Type           Power        Failure   Level  Hunger
 Confuse                  Hex            #.......     100%        3    #####..
 Dazzling Orbs            Conj/Hex       #......      100%        3    #####..
 Petrify                  Tmut/Erth      #.........   100%        4    ######.
 Yara's Violent Unravell  Hex/Tmut       #.........   100%        4    ######.
 Metabolic Englaciation   Hex/Ice        #.........   100%        5    #######
 Mana Rupture             Conj/Hex       #.........   100%        7    #######


Dungeon Overview and Level Annotations

Branches:
Dungeon (3/12)

Altars:
Makhleb

Annotations:
D:2 1 runed door


Innate Abilities, Weirdness & Mutations

You have sharp fingernails.
You have sharp toenails.
When hurt, damage is shared between your health and your magic reserves.


Message History

The kobold is heavily wounded.
You block the kobold's attack.
You barely miss the kobold.
The kobold is heavily wounded.
You block the kobold's attack. x2
Your shield prevents you from hitting the kobold.
The kobold is heavily wounded.
The kobold hits you but does no damage. You block the kobold's attack.
You closely miss the kobold.
The kobold is heavily wounded.
The kobold hits you but does no damage.
You hit the kobold.
You kill the kobold!
You have reached level 5!
Your demonic ancestry asserts itself...
Your toenails lengthen and sharpen.
Found a stone staircase leading down.
p - 2 scrolls labeled GEVIJO MAIZO (gained 1) Unknown command.
Are you sure you want to abandon this character and quit the game? (Confirm with "yes".)

..............#
##.>..............#.#
#................##..#
#...............## #.#
#.....##.###....####..
#........ #...#....#..
#......# #.#..###.#..
#......# ...##.# #.##.
#....@.##.## #.. #..#.
#.....%##. ###.##...
#....).##.# . ###.
#####..#..# . ##
###.#..# # #.....##
#.### ##...### ..#.
###....# ###...
#......# ......


There were no monsters in sight!

Vanquished Creatures
  An orc priest (D:3)
  A hound (D:2)
  An adder (D:3)
  4 worms
  A dart slug (D:2)
  6 leopard geckos
  2 orcs (D:3)
  4 bats (D:1)
  A giant cockroach (D:2)
  6 goblins
  4 hobgoblins
  8 kobolds
  2 quokkas
  3 frilled lizards
  3 rats
47 creatures vanquished.

Notes
Turn   | Place    | Note
-------+----------+-------------------------------------------
     0 | D:1      | galech the Demonspawn Fighter began the quest for the Orb.
     0 | D:1      | Reached XP level 1. HP: 18/18 MP: 1/1
   290 | D:1      | Gained mutation: You have sharp fingernails. [demonic
                  | ancestry]
   290 | D:1      | Reached XP level 2. HP: 20/24 MP: 2/2
  1314 | D:2      | Reached XP level 3. HP: 29/29 MP: 3/3
  1516 | D:2      | Found a burning altar of Makhleb.
  1710 | D:2      | Gained mutation: When hurt, damage is shared between your
                  | health and your magic reserves. [demonic ancestry]
  1710 | D:2      | Reached XP level 4. HP: 14/35 MP: 4/4
  1950 | D:2      | Found a runed door.
  2733 | D:3      | Reached skill level 1 in Dodging
  2882 | D:3      | Gained mutation: You have sharp toenails. [demonic
                  | ancestry]
  2882 | D:3      | Reached XP level 5. HP: 41/41 MP: 5/5
  2885 | D:3      | Quit the game

Skill      XL: |  1  2  3  4 |
---------------+-------------+-----
Axes           | 2 3 |  3.0
Armour         | 3 |  3.5
Dodging        | 1 |  1.0
Shields        | 3 |  3.1
Fighting       | |  3.5
Stealth        | |  0.5

Action                   |  1- 3 |  4- 6 || total
-------------------------+-------+-------++-------
Melee: War axe           |   129 |    99 ||   228
  Eat: Chunk             |     7 |     9 ||    16
Armor: Scale mail        |    84 |    55 ||   139
Dodge: Dodged            |    23 |     8 ||    31
Block: Medium shield     |    71 |    21 ||    92
       Large shield      |       |    43 ||    43
